 Dungeon Crawl Stone Soup version 0.31-a0-949-g57150269e1 (webtiles) character file.

Game seed: 11170534767580730557

1302 Sanktem7 the Chopper (level 8, 0/59 (70) HPs)
             Began as a Minotaur Fighter on Oct 22, 2023.
             Slain by Duvessa
             ... wielding a +1 rapier of draining
              (1 damage)
             ... on level 5 of the Dungeon.
             The game lasted 00:10:41 (4334 turns).

Sanktem7 the Chopper (Minotaur Fighter)             Turns: 4334, Time: 00:10:42

HP:   0/59 (70)     AC: 18    Str: 24    XL:     8   Next: 31%
MP:   7/7           EV: 11    Int:  5    God:
Gold: 232           SH:  5    Dex:  9    Spells: 7/7 levels left

rFire   . . .        w - +0 war axe (vamp) {axe}
rCold   . . .        c - +0 buckler
rNeg    . . .        v - +0 plate armour
rPois   .            (helmet restricted)
rElec   .            k - +2 cloak
rCorr   .            q - +0 pair of gloves
SInv    +            r - +0 pair of boots
Will    .....        (no amulet) Stlth
                     t - +5 ring of evasion
HPRegen 0.29/turn    F - ring of see invisible
MPRegen 0.10/turn

%: no passive effects
@: heavily drained
A: horns 2, retaliatory headbutt
a: no special abilities


You were on level 5 of the Dungeon.
You visited 1 branch of the dungeon, and saw 5 of its levels.
You also visited: Sewer.

You collected 232 gold pieces.


Innate Abilities, Weirdness & Mutations

You have a pair of horns on your head.
You reflexively headbutt those who attack you in melee.


   Skills:
 + Level 6.2 Fighting
 * Level 7.4 Axes
 + Level 3.8 Throwing
 + Level 6.0 Armour
 + Level 6.0 Shields


You had 7 spell levels left.
You didn't know any spells.
Your spell library contained the following spells:

 Spells                   Type           Power      Damage    Failure   Level
 Magic Dart               Conj           0%         1d3       100%        1
 Blink                    Tloc           0%         N/A       100%        2
 Call Imp                 Summ           0%         N/A       100%        2
 Ensorcelled Hibernation  Hex/Ice        0%         N/A       100%        2
 Jinxbite                 Hex            0%         N/A       100%        2
 Mephitic Cloud           Conj/Pois/Air  0%         N/A       100%        3
 Anguish                  Hex/Necr       0%         N/A       100%        4
 Cause Fear               Hex            0%         N/A       100%        4
 Manifold Assault         Tloc           0%         N/A       100%        4
 Fireball                 Conj/Fire      0%         3d3       100%        5
 Dragon's Call            Summ           0%         N/A       100%        9

Inventory:

Hand Weapons
 w - a +0 vampiric war axe (weapon) {axe}
   (You took it off an orc on level 3 of the Dungeon)
Missiles
 u - 2 boomerangs {throwing}
 z - 21 poisoned darts {throwing}
Armour
 c - a +0 buckler (worn)
 k - a +2 cloak (worn)
   (You found it on level 1 of the Dungeon)
 q - a +0 pair of gloves (worn)
   (You found it on level 2 of the Dungeon)
 r - a +0 pair of boots (worn)
   (You found it on level 2 of the Dungeon)
 v - a +0 plate armour (worn)
   (You found it on level 3 of the Dungeon)
Jewellery
 t - a +5 ring of evasion (left hand)
   (You found it on level 3 of the Dungeon)
 F - a ring of see invisible (right hand)
   (You found it on level 2 of the Dungeon)
Scrolls
 a - a scroll of identify {@r1}
 b - a scroll of blinking {!r}
 e - a scroll of acquirement {unknown}
 f - a scroll of fog
 h - a scroll of vulnerability {!r!r}
 i - 3 scrolls of teleportation {@r4}
 G - a scroll of poison {!r}
Potions
 d - 2 potions of might
 j - 2 potions of lignification {!q}
 l - 3 potions of curing {@q1}
 m - 3 potions of heal wounds {unknown}
 o - a potion of haste {unknown}
 x - a potion of invisibility {unknown}
 B - a potion of cancellation {unknown}
 C - 2 potions of magic {unknown}
 D - a potion of mutation {unknown}
 E - a potion of degeneration {unknown}
 K - a potion of attraction {unknown}

Dungeon Overview and Level Annotations

Branches:
Dungeon (5/15) Zot: 25919   Sewer (visited)
 Temple: D:4-7

Altars:
Ashenzari

Annotations:
D:5 Duvessa

#..≈≈####...##..##.###.####.#
#............................
#..######...##.#######..###.#
#.## ##.###.## #..##..# #.#
####...######..##.## #.####
##................. #.##.##
##.......######.#.##
#.....####..he.....####....##
##.......'.)@......'..)......
##...####.........#.##.)..##
#..## ##.......##.###)#.#
#.## ##.....###.##....# #.#
##...## #.##.##.# #.# ##+##
#.##.##.# #.# #.##.##.# .#
#.......# ####.####


You could see Duvessa (berserk) and a hound.


Message History

You kill the adder!
Your Shields skill increases to level 6! 😕 HP[+5]
You regained 5 hp, and now have 67/70 hp.
No target in view!
No target in view!
No target in view!
No target in view!
No target in view!
No target in view!
No target in view!
No target in view!
No target in view!
No target in view!
No target in view!
f - a scroll of fog 😎 HP[+3]
Your hp is fully restored (70).
As you open the door, it creaks loudly!
Dowan, Brother of Duvessa comes into view.
He is wielding a +0 dagger.
Dowan shouts!
Duvessa, Sister of Dowan comes into view.
She is wielding a +1 rapier of draining.
Duvessa shouts!
Duvessa says, "My weaknesses are his strengths!"
There is an open door here.
Dowan points at you and mumbles some strange words.
The puff of frost hits you! 😕 HP[-9]
You take 9 damage, and now have 61/70 hp.
Dowan points at you and mumbles some strange words.
The puff of frost hits you but does no damage.
Dowan casts a spell.
Dowan blinks!
Duvessa says, "When magic and the sword combine, nothing stands against them."
Duvessa hits you but does no damage.
You feel drained.
You now have 69 max hp (-1).
You closely miss Dowan. You headbutt Dowan! You hit Duvessa but do no damage.
A hound comes into view.
Dowan barely misses you. You block Duvessa's attack. 😕 HP[+1]
The hound barks!
You slash Dowan!
You feel better.
You hit Duvessa but do no damage. Dowan hits you with a +0 dagger.
Duvessa hits you with a +1 rapier of draining.
You feel drained.
You now have 68 max hp (-1).
You slash Dowan!
You feel better.
You kill Dowan!
Duvessa weeps, and shakes her weapon.
Duvessa goes berserk!
You barely miss Duvessa.
Duvessa hits you with a +1 rapier of draining!
You feel drained.
Duvessa hits you with a +1 rapier of draining.
You feel drained. 😮 HP[-19]
You now have 67 max hp (-1).
You take 19 damage, and now have 43/67 hp.
MASSIVE DAMAGE!! (PAUSE)
You hit Duvessa.
You feel better.
Your headbutt misses Duvessa. Duvessa hits you but does no damage.
You feel drained.
Duvessa hits you with a +1 rapier of draining!
You feel drained.
* * * LOW HITPOINT WARNING * * *
😨 HP[-13]
You now have 64 max hp (-3).
You take 13 damage, and now have 30/64 hp.
MASSIVE DAMAGE!! (PAUSE)
You closely miss Duvessa.
Duvessa hits you with a +1 rapier of draining!
* * * LOW HITPOINT WARNING * * *
You feel drained.
* * * LOW HITPOINT WARNING * * *
The hound closely misses you.
Duvessa hits you with a +1 rapier of draining.
* * * LOW HITPOINT WARNING * * *
You feel drained.
* * * LOW HITPOINT WARNING * * *
😱 HP[-20]
You now have 61 max hp (-3).
You take 20 damage, and now have 10/61 hp.
MASSIVE DAMAGE!! (PAUSE)
You hit Duvessa but do no damage. You headbutt Duvessa.
You barely miss the hound.
The hound pauses to sniff the ground.
The hound barely misses you. You furiously retaliate!
You headbutt the hound. Duvessa closely misses you. The hound misses you.
You barely miss Duvessa. You headbutt Duvessa, but do no damage.
You closely miss the hound.
Duvessa hits you with a +1 rapier of draining.
* * * LOW HITPOINT WARNING * * *
You feel drained.
* * * LOW HITPOINT WARNING * * *
The hound bites you but does no damage.
Duvessa hits you with a +1 rapier of draining.
* * * LOW HITPOINT WARNING * * *
You feel drained.
You die...

Skill      XL: |  1  2  3  4  5  6  7  8 |
---------------+-------------------------+-----
Axes           | 3 4 5 6 7 |  7.4
Fighting       | 4 5 6 |  6.2
Armour         | 4 5 6 |  6.0
Shields        | 4 5 6 |  6.0
Throwing       | 1 2 3 |  3.8

Action                     |  1- 3 |  4- 6 |  7- 9 || total
---------------------------+-------+-------+-------++-------
  Melee: War axe           |    84 |   113 |   123 ||   320
         Headbutt          |     5 |    18 |    24 ||    47
    Use: Scroll            |       |       |    15 ||    15
 Armour: Scale mail        |    59 |    35 |       ||    94
         Plate armour      |       |    55 |    74 ||   129
  Dodge: Dodged            |    53 |    72 |    51 ||   176
  Block: Buckler           |    19 |    29 |    30 ||    78

Levels and vault maps discovered:
D:1:      minmay_arrival_glassed_features, layout_basic, roderic_lattice_a
D:2:      layout_basic, minmay_nonomino_d4
D:3:      layout_basic, cheibrodos_sewer_entry_bend, st_stairs_3
D:4:      layout_rooms, mainiacjoe_overflow_surrounded_room
D:5:      layout_loops_corners, nicolae_tricolors, uniq_grinder, uniq_menkaure,
          uniq_duvessa, uniq_crazy_yiuf_cottage

Notes
Turn   | Place    | Note
-------+----------+-------------------------------------------
     0 | D:1      | Sanktem7 the Minotaur Fighter began the quest for the Orb.
     0 | D:1      | Reached XP level 1. HP: 19/19 MP: 0/0
     0 | D:1      | magus.rc [v1.9.6]
   260 | D:1      | Reached XP level 2. HP: 24/27 MP: 1/1
   455 | D:1      | Reached skill level 3 in Axes
   497 | D:1      | You add the spells Blink and Manifold Assault to your
                  | library.
   753 | D:2      | You pick up a book of Dreams and begin reading...
   753 | D:2      | You add the spells Jinxbite, Ensorcelled Hibernation and
                  | Anguish to your library.
   763 | D:2      | Reached skill level 4 in Fighting
   841 | D:2      | Reached XP level 3. HP: 33/33 MP: 2/2
  1056 | D:2      | You fall into a shaft and drop 2 floors!
  1066 | D:4      | Reached skill level 4 in Armour
  1066 | D:4      | Reached skill level 4 in Shields
  1110 | D:3      | Reached skill level 1 in Throwing
  1272 | D:3      | Reached XP level 4. HP: 35/40 MP: 3/3
  1341 | D:3      | Reached skill level 4 in Axes
  1490 | D:3      | Found a glowing drain.
  1503 | Sewer    | Entered a sewer
  1547 | Sewer    | Reached XP level 5. HP: 47/47 MP: 4/4
  1698 | Sewer    | Reached skill level 2 in Throwing
  1698 | Sewer    | Reached XP level 6. HP: 44/55 MP: 5/5
  1788 | Sewer    | Reached skill level 5 in Axes
  1839 | D:3      | Reached skill level 5 in Fighting
  2537 | D:2      | You pick up a book of the Dragon and begin reading...
  2537 | D:2      | You add the spells Cause Fear, Fireball and Dragon's Call
                  | to your library.
  2911 | D:4      | You pick up a book of Minor Magic and begin reading...
  2911 | D:4      | You add the spells Magic Dart, Call Imp and Mephitic Cloud
                  | to your library.
  2975 | D:4      | Reached skill level 5 in Armour
  2975 | D:4      | Reached skill level 5 in Shields
  2975 | D:4      | Reached XP level 7. HP: 54/61 MP: 6/6
  3186 | D:4      | Found a broken altar of Ashenzari.
  3646 | D:5      | Entered Level 5 of the Dungeon
  3677 | D:5      | Reached skill level 6 in Axes
  3677 | D:5      | Reached skill level 3 in Throwing
  3712 | D:5      | Noticed Menkaure
  3719 | D:5      | Killed Menkaure
  3984 | D:5      | Reached XP level 8. HP: 70/70 MP: 7/7
  4010 | D:5      | Reached skill level 6 in Fighting
  4010 | D:5      | Reached skill level 7 in Axes
  4262 | D:5      | Reached skill level 6 in Armour
  4281 | D:5      | Reached skill level 6 in Shields
  4323 | D:5      | Noticed Dowan
  4324 | D:5      | Noticed Duvessa
  4330 | D:5      | Killed Dowan
  4332 | D:5      | HP: 12/63 [Duvessa/+1 rapier of draining (6)]
  4334 | D:5      | HP: 4/60 [Duvessa/+1 rapier of draining (2)]
  4334 | D:5      | HP: 1/60 [Duvessa/+1 rapier of draining (3)]
  4334 | D:5      | Slain by Duvessa

Vanquished Creatures
  Menkaure (D:5)
  An ice beast (D:5)
  2 ogres
  A phantom (D:5)
  3 kobold brigands (Sewer)
  A scorpion (D:4)
  Dowan (D:5)
  A howler monkey (D:5)
  4 hounds
  An orc priest (D:5)
  2 orc wizards (D:5)
  8 gnolls
  6 adders
  2 worms
  A dart slug (D:1)
  21 orcs
  12 ball pythons
  7 endoplasms
  4 giant cockroaches
  10 goblins
  6 hobgoblins
  5 quokkas
  9 bats
  3 frilled lizards
  22 kobolds
  5 rats
139 creatures vanquished.

Table legend:
 A = Non-vault XP
 B = Vault XP
 C = Vault XP percentage of total XP
 D = Non-vault monster count
 E = Vault monster count
 F = Vault count percentage of total count
                 A         B        C        D         E       F
            +---------+---------+-------+---------+---------+-------
      Total |    1231 |     629 |  33.8 |     100 |      39 |  28.1
            +---------+---------+-------+---------+---------+-------
        D:1 |      29 |       0 |   0.0 |      16 |       0 |   0.0
        D:2 |      22 |      22 |  50.0 |      14 |       6 |  30.0
        D:3 |     118 |      11 |   8.5 |      22 |       4 |  15.4
        D:4 |     346 |       0 |   0.0 |      25 |       0 |   0.0
        D:5 |     716 |     241 |  25.2 |      23 |       2 |   8.0
      Sewer |       0 |     355 | 100.0 |       0 |      27 | 100.0
            +---------+---------+-------+---------+---------+-------

Skill      XL: |  1  2  3  4  5  6  7  8 |
---------------+-------------------------+-----
Axes           | 3 4 5 6 7 |  7.4
Fighting       | 4 5 6 |  6.2
Armour         | 4 5 6 |  6.0
Shields        | 4 5 6 |  6.0
Throwing       | 1 2 3 |  3.8

Action                     |  1- 3 |  4- 6 |  7- 9 || total
---------------------------+-------+-------+-------++-------
  Melee: War axe           |    84 |   113 |   123 ||   320
         Headbutt          |     5 |    18 |    24 ||    47
    Use: Scroll            |       |       |    15 ||    15
 Armour: Scale mail        |    59 |    35 |       ||    94
         Plate armour      |       |    55 |    74 ||   129
  Dodge: Dodged            |    53 |    72 |    51 ||   176
  Block: Buckler           |    19 |    29 |    30 ||    78

Illustrated notes

Table legend:
 A = Kills in this place as a percentage of kills in the entire game.
 B = Kills by you in this place as a percentage of kills by you in the entire game.
 C = Kills by friends in this place as a percentage of kills by friends in the entire game.
 D = Other kills in this place as a percentage of other kills in the entire game.
 E = Experience gained in this place as a percentage of experience gained in the entire game.
 F = Experience gained in this place divided by the number of levels of this place that you have seen.
                   A       B       C       D       E      F
               +-------+-------+-------+-------+-------+----------------------
         Total | 100.0 | 100.0 |   N/A |   N/A | 100.0 | 310.0
       Dungeon |  80.6 |  80.6 |   N/A |   N/A |  80.9 | 301.0
         Sewer |  19.4 |  19.4 |   N/A |   N/A |  19.1 | 355.0
               +-------+-------+-------+-------+-------+----------------------

Table legend: (Time is in decaauts)
 A = Elapsed time spent in this place.
 B = Non-inter-level travel time spent in this place.
 C = Inter-level travel time spent in this place.
 D = Time resting spent in this place.
 E = Time spent auto-exploring this place.
 F = Levels seen in this place.
 G = Mean time per level.
                   A        B        C        D        E       F      G
               +--------+--------+--------+--------+--------+-----+--------+
         Total |   4446 |   4310 |    136 |    207 |   2954 |   6 |  741.0 |
       Dungeon |   4079 |   3943 |    136 |    207 |   2733 |   5 |  815.8 |
         Sewer |    367 |    367 |      0 |      0 |    221 |   1 |  367.0 |
               +--------+--------+--------+--------+--------+-----+--------+

Top non-repeatable levels by time:
     D:3: 947 daAuts
     D:2: 912 daAuts
     D:4: 820 daAuts
     D:5: 706 daAuts
     D:1: 693 daAuts
   Sewer: 367 daAuts
